woodfighter, chaotic female human Barbarian ###########----------- #----- #..........| +#######|...| |.........-######## #.<..| |.........| # +#######|d..| |......(..| ### #)@..| ----.------ # --------- #|d..| # # #######-.......| ---.- ### # # |.......| # % ### ##-.......| # ### # # |.......| # # ## --------- ### ### # # ####### -.---.---------- |..............| |).............| |>.............+ ---------------- woodfighter the Pillager Experience level: 5 Strength: 18/02 Dexterity: 17 Constitution: 18 Intelligence: 8 Wisdom: 7 Charisma: 6 Health: 0(48) Energy: 12(12) Def: 2 Gold: 565 Moves: 2942 Dungeon seed: E-nN85l_aBNEOTAK Game ID: woodfighter_1561304857 Your Inventory: Coins $ - 565 gold pieces Weapons a - a +0 battle-axe (weapon in hands) b - a +0 short sword (alternate weapon; not wielded) l - 4 +2 daggers s - a +0 dagger y - a +0 elven dagger Armor e - an uncursed rusty +0 ring mail (being worn) q - an uncursed +0 orcish helm Comestibles c - 5 uncursed food rations w - an uncursed fortune cookie x - an uncursed lembas wafer G - an uncursed magic bean Z - 2 uncursed lizard corpses Scrolls h - 3 uncursed scrolls of scare monster C - an uncursed scroll of fire D - 3 uncursed scrolls of identify L - an uncursed scroll of teleportation Spellbooks f - an uncursed spellbook of knock j - an uncursed spellbook of slow monster Potions o - an uncursed potion of confusion u - an uncursed potion of full healing F - an uncursed potion of object detection H - a blessed potion of sickness J - an uncursed potion of water Rings g - an uncursed +1 ring of increase damage z - an uncursed ring of invisibility A - an uncursed ring of slow digestion K - an uncursed ring of poison resistance Gems n - an uncursed worthless piece of blue glass r - an uncursed worthless piece of white glass N - 2 uncursed worthless pieces of orange glass Spells and supernatural/magical abilities: Name Level Category Fail Memory W - pray for help -- divine ? -- Your skills at the end: Miscellaneous Skills bare handed combat [Basic] Weapon Skills axe [Basic] short sword [Basic] Spellcasting Skills Final Attributes: You were piously aligned. You were poison resistant. You were telepathic. You are dead. You faced a greater challenge. Vanquished creatures: a leprechaun 2 lizards a werewolf a wood nymph a fog cloud a floating eye 2 iguanas 4 coyotes 2 hobbits an acid blob 2 large kobolds 2 geckos 6 giant rats a brown mold 3 yellow molds a green mold 3 gnomes a garter snake a gnome zombie 7 jackals 3 newts a goblin 5 grid bugs 4 lichens 56 creatures vanquished. Voluntary challenges: You did not adorn yourself with jewelry or accessories. You did not cause conflict. You were not invisible. You did not have reflection. You were not displaced. You had been an atheist until turn 2781. You used a wielded weapon 58 times, starting on turn 102. You did not apply a unicorn horn. You did not use plumbed fixtures. You did not drink any magical draughts. You were illiterate. You never genocided any monsters. You never polymorphed an object. You never changed form. You used no wishes. You never split a pudding. You never wrote Elbereth's name. You never violated your personal moral code. Dungeon overview: The Dungeons of Doom: levels 1 to 8 Level 1 some fountains a long staircase Level 2 a general store stairs to The Gnomish Mines Level 3 Level 4 a fountain Level 5 Level 6 Level 7 <- You were here Level 8 The Gnomish Mines: Level 3 stairs to The Dungeons of Doom History has recorded: On T:1 you entered the Dungeons of Doom to retrieve the Amulet of Yendor! On T:137 you reached level 2 of The Dungeons of Doom. On T:293 you reached level 1 of The Gnomish Mines. On T:347 you reached level 3 of The Dungeons of Doom. On T:389 you advanced to experience level 2. On T:1015 you advanced to experience level 3. On T:1107 you reached level 4 of The Dungeons of Doom. On T:1363 you reached level 5 of The Dungeons of Doom. On T:1392 you advanced to experience level 4. On T:2016 you reached level 6 of The Dungeons of Doom. On T:2169 you advanced to experience level 5. On T:2374 you reached level 7 of The Dungeons of Doom. On T:2781 you prayed to Set. On T:2924 you reached level 8 of The Dungeons of Doom. Score breakdown: Gold: 565 ( 56 points) Experience: 5 levels ( 400 points) Exploration: 8 levels ( 210 points) Discoveries: 20 items ( 1000 points) Variety of kills: 24 monsters ( 1200 points) Major goal: (nothing yet) ( 0 points) Survival: died (score multiplied by 6) Total score: 17196 Latest messages: Never mind. My, that was a yummy magic bean! You finish eating the magic bean. You see here 10 poisoned crossbow bolts. You hear a wolf howling at the moon. You stop exploring. The werewolf summons help! The werewolf wields a mace! The mace welds itself to the werewolf's hand! You smite the werewolf! The winter wolf bites! The wolf bites! The blast of frost hits the werewolf! The blast of frost hits you! Your milky potion freezes and shatters! Your effervescent potion freezes and shatters! Your sky blue potion freezes and shatters! Your pink potion freezes and shatters! The blast of frost bounces! The blast of frost hits you! The werewolf swings his mace at you. The werewolf hits you! You kill the werewolf! The winter wolf bites! You die... Final status: Goodbye woodfighter the Barbarian, killed by a winter wolf... You died in The Dungeons of Doom on dungeon level 7 with 17196 points, and 565 pieces of gold, after 2942 moves. You were level 5 with a maximum of 48 hit points when you died.